 Dungeon Crawl Stone Soup version 0.31-a0-1576-ga3383bade6 (webtiles) character file.

Game seed: 6391006645391157338

124 grandjackal the Chopper (level 4, -3/35 HPs)
             Began as a Demonspawn Gladiator on Jan 4, 2024.
             Slain by a gnoll
             ... wielding a +0 whip
              (6 damage)
             ... on level 2 of the Dungeon.
             The game lasted 00:00:57 (1226 turns).

grandjackal the Chopper (Demonspawn Gladiator)      Turns: 1226, Time: 00:00:57

Health: -3/35      AC:  5    Str: 16    XL:     4   Next: 81%
Magic:  4/4        EV: 12    Int:  9    God:
Gold:   88         SH:  4    Dex: 14    Spells: 3/3 levels left

rFire   . . .        a - +0 war axe
rCold   . . .        (no shield)
rNeg    . . .        b - +0 leather armour
rPois   .            c - +0 helmet
rElec   .            (no cloak)
rCorr   .            g - +0 pair of gloves
SInv    .            (no boots)
Will    .....        (no amulet)
Stlth   +            (no ring)
HPRegen 1.25/turn    (no ring)
MPRegen 0.09/turn

%: no passive effects
@: no status effects
A: powered by death 1, condensation shield
a: no special abilities


You were on level 2 of the Dungeon.
You visited 1 branch of the dungeon, and saw 2 of its levels.

You collected 88 gold pieces.

Inventory:

Hand Weapons
 a - a +0 war axe (weapon)
Missiles
 d - 3 throwing nets (quivered)
 e - a javelin
Armour
 b - a +0 leather armour (worn)
 c - a +0 helmet (worn)
 g - a +0 pair of gloves (worn)
Scrolls
 i - 3 scrolls of amnesia {unknown}
 j - a scroll of poison {unknown}
Potions
 f - a potion of lignification {unknown}
 h - a potion of curing {unknown}


   Skills:
 + Level 3.2 Fighting
 + Level 3.5 Axes
 - Level 2.1 Throwing
 + Level 3.5 Dodging


You had 3 spell levels left.
You didn't know any spells.
Your spell library was empty.

Dungeon Overview and Level Annotations

Branches:
Dungeon (2/15)

Altars:


Innate Abilities, Weirdness & Mutations

You regenerate a little health from kills.
A meltable shield of frost defends you. (SH +4)


Message History

The gnoll hits you with a +0 flail. The gnoll closely misses you.
Unknown command.
You hit the gnoll.
The gnoll is heavily wounded.
You barely miss the gnoll. You hit the dart slug but do no damage.
The gnoll hits you with a +0 whip. You block the gnoll's attack.
The dart slug launches a dart at you. The slug dart hits you.
You hit the gnoll.
The gnoll is heavily wounded.
You hit the dart slug. You slash the gnoll! The gnoll completely misses you.
The gnoll misses you. You block the dart slug's attack.
Unknown command.
You hit the gnoll but do no damage.
The gnoll is heavily wounded.
You hit the dart slug. You completely miss the gnoll.
The gnoll barely misses you. The gnoll hits you with a +0 flail.
You block the gnoll's attack. The dart slug launches a dart at you.
The slug dart misses you.
The slug dart misses the gnoll.
The gnoll hits you with a +0 whip.
You completely miss the gnoll.
The gnoll is heavily wounded.
You barely miss the dart slug. You barely miss the gnoll.
The gnoll hits you with a +0 whip! The gnoll misses you.
The dart slug bites you but does no damage.
Unknown command.
You are too injured to fight recklessly!
Unknown command.
You are too injured to fight recklessly!
You are too injured to fight recklessly!
You barely miss the gnoll. You punch the gnoll.
The gnoll is severely wounded.
You slash the dart slug!
You kill the dart slug!
You barely miss the gnoll. The gnoll closely misses you.
You block the gnoll's attack. The gnoll hits you with a +0 flail!
* * * LOW HITPOINT WARNING * * *
The gnoll hits you with a +0 whip.
You die...

##. #.. # ..#
#.... #.#.##
#.#.. #..g###.#
#..@g...#
......#.#####
..... #.# ....
#.##############
...
#..............#
..
###########.####
. #.# #.# #.#


You could see 2 gnolls.

Vanquished Creatures
  Natasha (thrice) (D:2)
  2 adders (D:2)
  2 dart slugs (D:2)
  2 endoplasms (D:1)
  2 giant cockroaches (D:1)
  2 goblins (D:1)
  4 hobgoblins (D:1)
  2 jackals (D:1)
  A quokka (D:1)
  A ball python (D:2)
  A frilled lizard (D:1)
  5 kobolds
  2 rats (D:1)
29 creatures vanquished.

Notes
Turn   | Place    | Note
-------+----------+-------------------------------------------
     0 | D:1      | grandjackal the Demonspawn Gladiator began the quest for
                  | the Orb.
     0 | D:1      | Reached XP level 1. HP: 16/16 MP: 1/1
   246 | D:1      | Gained mutation: You regenerate a little health from kills.
                  | [demonic ancestry]
   246 | D:1      | Reached XP level 2. HP: 11/22 MP: 2/2
   960 | D:2      | Noticed Natasha
   967 | D:2      | Killed Natasha
   968 | D:2      | Gained mutation: A meltable shield of frost defends you.
                  | (SH +4) [demonic ancestry]
   968 | D:2      | Reached XP level 3. HP: 20/28 MP: 3/3
  1031 | D:2      | Noticed Natasha
  1034 | D:2      | Killed Natasha
  1035 | D:2      | Reached XP level 4. HP: 32/34 MP: 4/4
  1070 | D:2      | Noticed Natasha
  1081 | D:2      | Killed Natasha
  1226 | D:2      | Slain by a gnoll

Illustrated notes

Levels and vault maps discovered:
D:1:      lightli_arrival_statue_moat, layout_basic, minmay_3d_cube
D:2:      layout_basic, uniq_natasha

Skill      XL: |  1  2  3  4 |
---------------+-------------+-----
Throwing       | 2 |  2.1
Axes           | 3 |  3.5
Dodging        | 3 |  3.5
Fighting       | 3 |  3.2

Action                     |  1- 3 |  4- 6 || total
---------------------------+-------+-------++-------
  Melee: War axe           |    57 |    25 ||    82
         Punch             |       |     1 ||     1
   Stab: Sleeping          |     1 |       ||     1
 Armour: Leather armour    |    41 |    20 ||    61
  Dodge: Dodged            |    41 |    19 ||    60
  Block: Other             |     1 |     9 ||    10

Table legend: (Time is in decaauts)
 A = Elapsed time spent in this place.
 B = Non-inter-level travel time spent in this place.
 C = Inter-level travel time spent in this place.
 D = Time resting spent in this place.
 E = Time spent auto-exploring this place.
 F = Levels seen in this place.
 G = Mean time per level.
                   A        B        C        D        E       F      G
               +--------+--------+--------+--------+--------+-----+--------+
         Total |   1253 |   1235 |     18 |     77 |    952 |   2 |  626.5 |
       Dungeon |   1253 |   1235 |     18 |     77 |    952 |   2 |  626.5 |
               +--------+--------+--------+--------+--------+-----+--------+

Top non-repeatable levels by time:
     D:1: 949 daAuts
     D:2: 304 daAuts
